 Dungeon Crawl Stone Soup version 0.20-a0-441-g89e74e4 (webtiles) character file.

104 M4edhros the Insei (level 4, -1/27 HPs)
             Began as an Octopode Necromancer on Jan 6, 2017.
             Killed from afar by an orc wizard (14 damage)
             ... with a puff of flame
             ... on level 5 of the Dungeon.
             The game lasted 00:03:39 (867 turns).

M4edhros the Insei (Octopode Necromancer)            Turns: 867, Time: 00:03:40

Health: -1/27      AC:  1    Str:  7    XL:     4   Next: 80%
Magic:  4/7        EV: 13    Int: 17    God:
Gold:   49         SH:  0    Dex: 13    Spells: 2/7 levels left

rFire  . . .     SeeInvis .       - Unarmed
rCold  . . .     Gourm    .     (no shield)
rNeg   . . .     Faith    +     (helmet restricted)
rPois  +         Spirit   .     c - amulet of faith
rElec  .         Reflect  .     d - ring of poison resistance
rCorr  .         Harm     .     (no ring)
MR     .....                    (no ring)
Stlth  ++........               (no ring)
                                (no ring)
                                (no ring)
                                (no ring)
                                (no ring)

@: confused
A: almost no armour, stealthy swim, amphibious, 8 rings, constrict 8, camouflage
1, gelatinous body 1
a: no special abilities


You were on level 5 of the Dungeon.
You were hungry.

You visited 1 branch of the dungeon, and saw 5 of its levels.

You collected 49 gold pieces.

Inventory:

Magical Staves
 p - an uncursed staff of wizardry
Jewellery
 c - an amulet of faith (around mantle)
 d - a ring of poison resistance (left tentacle)
Scrolls
 f - 3 scrolls of identify {unknown}
 h - a scroll of noise {unknown}
 i - a scroll of remove curse {unknown}
 j - a scroll of fog {unknown}
Potions
 e - a potion of degeneration {unknown}
 g - a potion of heal wounds
 l - a potion of brilliance {unknown}
 m - a potion of mutation {unknown}
 n - a potion of flight {unknown}
 o - a potion of agility {unknown}
Books
 a - a book of Necromancy

   Spells                             Type                      Level
   a - Pain                           Necromancy                   1
   b - Animate Skeleton               Necromancy                   1
   c - Vampiric Draining              Necromancy                   3
   d - Regeneration                   Charms/Necromancy            3
   e - Animate Dead                   Necromancy                   4
   f - Control Undead                 Necromancy                   4
Comestibles
 b - 2 bread rations
 k - a slice of pizza


   Skills:
 - Level 2.0 Dodging
 - Level 2.6 Stealth
 + Level 4.2 Unarmed Combat
 - Level 2.0 Spellcasting
 - Level 4.0 Necromancy


You had 2 spell levels left.
You knew the following spells:

 Your Spells              Type           Power        Failure   Level  Hunger
a - Pain                  Necr           ###.         3%          1    #......
b - Animate Skeleton      Necr           N/A          3%          1    #......
c - Regeneration          Chrm/Necr      #.........   24%         3    ###....


Dungeon Overview and Level Annotations

Branches:
Dungeon (5/15)
 Temple: D:4-7

Altars:
Fedhas
Kikubaaqudgha
Ru
Vehumet


Innate Abilities, Weirdness & Mutations

You cannot wear most types of armour.
You are very stealthy in the water. (Stealth+)
You are amphibious.
You can wear up to eight rings at the same time.
You can use your tentacles to constrict eight enemies at once.
Your skin changes colour to match your surroundings (Stealth+).
Your rubbery body absorbs attacks. (AC +1, EV +1)


Message History

The orc wizard flickers and vanishes!
Deactivating autopickup; reactivate with Ctrl-A.
You are more confused.
You bump into the rock wall.
You bump into the rock wall.
Things that are here:
an enchanted dagger; a robe You bump into the rock wall.
You are more confused.
You bump into the rock wall.
A magic dart appears from out of thin air!
The magic dart hits you!
You're too confused to move!
You're too confused to move!
Something hits you but does no damage.
You bump into the rock wall.
Something hits you.
You hear some strange, mumbled words.
A puff of flame appears from out of thin air!
The puff of flame hits you!
Ouch! That really hurt!
You die...

.##.#.####### #.#
............. #.#
....#.####### #.#
....#.# #o# ....#<#
#{# .##.#.# #.#
..#.#.# #.#
..#.#.##############.#
..#.#...........@.{o.#
..#.##################
..#.# ..#.# ..#.#
..#.# ..#.# ..#.#
.##.#


You could see an orc.

Vanquished Creatures
  An orc wizard (D:5)
  A worker ant (D:5)
  Robin (D:2)
  2 adders
  2 worms
  A leopard gecko (D:2)
  2 giant cockroaches (D:1)
  3 hobgoblins (D:2)
  2 jackals (D:3)
  A kobold (D:1)
  2 goblins (D:2)
18 creatures vanquished.

Vanquished Creatures (others)
  A leopard gecko (D:2)
1 creature vanquished.

Grand Total: 19 creatures vanquished

Notes
Turn   | Place    | Note
-------+----------+-------------------------------------------
     0 | D:1      | M4edhros the Octopode Necromancer began the quest for the Orb.
     0 | D:1      | Reached XP level 1. HP: 11/11 MP: 3/3
   177 | D:2      | Reached skill level 1 in Unarmed Combat
   177 | D:2      | Reached XP level 2. HP: 15/17 MP: 3/5
   182 | D:2      | Learned a level 1 spell: Animate Skeleton
   267 | D:2      | Found a sacrificial altar of Ru.
   280 | D:2      | Found a radiant altar of Vehumet.
   351 | D:2      | Found a blossoming altar of Fedhas.
   351 | D:2      | Found an ancient bone altar of Kikubaaqudgha.
   372 | D:2      | Noticed Robin
   417 | D:2      | Killed Robin
   417 | D:2      | Reached XP level 3. HP: 17/21 MP: 2/6
   470 | D:2      | You fall through a shaft!
   503 | D:3      | Learned a level 3 spell: Regeneration
   741 | D:5      | Entered Level 5 of the Dungeon
   765 | D:5      | Reached XP level 4. HP: 23/27 MP: 7/7
   867 | D:5      | Killed from afar by an orc wizard

Vault maps used:
D:1:      wheals_arrival_linesprint, minmay_misc_feat_four_crosses
D:2:      grunt_temple_overflow_growth_and_decay, fiery_altar_vehumet,
          lemuel_round_altar, uniq_robin
D:3:      kennysheep_generic_room_16
D:4:      wad_pebble_path, first_bread, hangedman_decor_points, st_stairs_6
D:5:      lemuel_coloured_pillars_altar, nrook_mini_vaults,
          hangedman_decor_peaks_small, minivault_25

Skill      XL: |  1  2  3  4 |
---------------+-------------+-----
Unarmed Combat | 1 2 3 4 |  4.2
Dodging        | |  2.0
Stealth        | |  2.6
Spellcasting   | |  2.0
Necromancy     | |  4.0

Action                   |  1- 3 |  4- 6 || total
-------------------------+-------+-------++-------
Melee: Unarmed           |    46 |     6 ||    52
       Tentacles         |    13 |     1 ||    14
       Constrict         |    10 |     1 ||    11
 Cast: Pain              |    12 |     1 ||    13
       Animate Skeleton  |     1 |       ||     1
       Regeneration      |     2 |     2 ||     4
  Use: Potion            |     1 |       ||     1
 Stab: Sleeping          |     3 |       ||     3
Armor: Skin              |     7 |       ||     7
Dodge: Dodged            |    27 |     3 ||    30
